 Dungeon Crawl Stone Soup version 0.28-a0-773-g130ae17fe5 (webtiles) character file.

Game seed: 9525033703140262484

326 bande the Chopper (level 6, -1/38 HPs)
             Began as a Gargoyle Fighter on Nov 1, 2021.
             Slain by a gnoll (9 damage)
             ... on level 7 of the Dungeon.
             The game lasted 00:06:23 (3666 turns).

bande the Chopper (Gargoyle Fighter)                Turns: 3666, Time: 00:06:24

Health: -1/38      AC: 11    Str: 21    XL:     6   Next: 49%
Magic:  6/6        EV:  9    Int:  8    God:
Gold:   166        SH: 10    Dex: 10    Spells: 5/5 levels left

rFire   . . .      SeeInvis .   a - +0 war axe
rCold   . . .      Faith    .   c - +1 buckler
rNeg    + . .      Spirit   .   b - +0 scale mail
rPois   ∞          Reflect  +   (no helmet)
rElec   +          Harm     .   (no cloak)
rCorr   .          Rampage  .   (no gloves)
Will    .....                   (no boots)
Stlth   ..........              i - amulet of reflection
HPRegen 0.12/turn               (no ring)
MPRegen 0.10/turn               (no ring)

@: mighty
A: sickness immunity, AC +4, negative energy resistance 1, electricity
resistance, torment resistance 1, petrification resistance
a: no special abilities


You were on level 7 of the Dungeon.
You visited 1 branch of the dungeon, and saw 5 of its levels.
You also visited: Ossuary.

You collected 166 gold pieces.

Inventory:

Hand Weapons
 a - a +0 war axe (weapon)
 g - a +0 flail
 l - a +0 war axe
Armour
 b - a +0 scale mail (worn)
 c - a +1 buckler (worn)
Jewellery
 i - an amulet of reflection (around neck)
Scrolls
 h - 4 scrolls of enchant armour
 j - a scroll of holy word
 m - a scroll of amnesia
Potions
 e - 2 potions of heal wounds
 f - 3 potions of flight
 k - a potion of brilliance {unknown}
 o - a potion of berserk rage {unknown}
 q - a potion of curing {unknown}


   Skills:
 + Level 4.3 Fighting
 + Level 4.8 Axes
 + Level 4.0 Armour
 + Level 4.1 Shields


You had 5 spell levels left.
You didn't know any spells.
Your spell library contained the following spells:

 Spells                   Type           Power      Damage    Failure   Level
 Chain Lightning          Conj/Air       0%         N/A       100%        9
 Fire Storm               Conj/Fire      0%         5d1       100%        9
 Shatter                  Erth           0%         3d5*      100%        9


Dungeon Overview and Level Annotations

Branches:
Dungeon (4/15)            Ossuary (visited)
 Temple: D:4-7

Altars:
Ashenzari
Ru
Trog
Vehumet
Xom


Innate Abilities, Weirdness & Mutations

You are immune to sickness and miasma.
Your stone body is resilient. (AC +4)
You are immune to poison.
You resist negative energy. (rN+)
You are resistant to electric shocks. (rElec)
You are resistant to unholy torment.
You are immune to petrification.


Message History

The gnoll shaman is moderately wounded.
You barely miss the gnoll. You hit the gnoll. You block the gnoll's attack. x3
The gnoll barely misses you. The gnoll hits you but does no damage.
The gnoll shaman barely misses you. The gnoll hits you but does no damage.
Unknown command.
You completely miss the gnoll shaman.
The gnoll shaman is moderately wounded.
You slash the gnoll!
You kill the gnoll!
You closely miss the gnoll. You block the gnoll's attack.
The gnoll hits you from afar with a +0 halberd.
The gnoll closely misses you. You block the gnoll shaman's attack.
The gnoll misses you.
Unknown command.
You hit the gnoll shaman.
The gnoll shaman is moderately wounded.
You slash the gnoll! You hit the shadow imp. You block the gnoll's attack.
The gnoll closely misses you. x2
The shadow imp hits you but does no damage.
The gnoll shaman hits you with a +0 whip of electrocution.
* * * LOW HITPOINT WARNING * * *
You block the gnoll's attack. The gnoll hits you but does no damage.
The gnoll barely misses you. You block the gnoll's attack.
You slash the gnoll shaman!
The gnoll shaman is severely wounded.
You closely miss the shadow imp. You slash the gnoll!
You kill the gnoll!
You block the gnoll shaman's attack. The shadow imp barely misses you.
The gnoll hits you but does no damage. The gnoll barely misses you. x2
The shadow imp misses you.
The gnoll shaman mumbles some strange prayers to its god.
The gnoll shaman is healed somewhat.
You barely miss the gnoll shaman.
The gnoll shaman is heavily wounded.
You closely miss the shadow imp.
The gnoll hits you from afar with a +0 spear.
* * * LOW HITPOINT WARNING * * *
The gnoll hits you but does no damage.
The gnoll hits you from afar with a +0 halberd!
You die...

.#####........##....
.......#.##.### ###
.######..##.#
........###.#
...###### #.#
##.#### . #.....#
....####.....#
.....g)@.....#
......5g.....#
.....g##g....#
...... #.....# .....
##.#### ..... ..#
.... .. .... ..#


You could see a gnoll shaman, 3 gnolls and a shadow imp.

Vanquished Creatures
  A bullfrog (D:7)
  A bullfrog skeleton (D:3)
  A scorpion zombie (D:3)
  A hound skeleton (D:3)
  A hound zombie (D:3)
  A mummy (Ossuary)
  2 gnolls (D:7)
  2 adder skeletons (D:3)
  2 worms (D:2)
  A dart slug (D:1)
  6 orcs (D:3)
  4 spectral bats (Ossuary)
  7 endoplasms
  2 giant cockroaches (D:2)
  12 gnoll zombies (Ossuary)
  8 goblins
  7 hobgoblins
  5 quokkas
  5 ball pythons
  A ball python skeleton (D:3)
  A ball python zombie (D:3)
  2 bats
  6 bat simulacra (Ossuary)
  8 frilled lizards
  2 goblin simulacra (Ossuary)
  4 goblin zombies (Ossuary)
  7 hobgoblin zombies (Ossuary)
  A jackal skeleton (D:3)
  7 kobolds
  5 kobold simulacra (Ossuary)
  4 kobold zombies (Ossuary)
  3 orc zombies (Ossuary)
  8 rats
  2 rat simulacra (Ossuary)
  A spectral goblin (Ossuary)
  2 spectral kobolds (Ossuary)
  3 spectral rats (Ossuary)
136 creatures vanquished.

Vanquished Creatures (others)
  2 withered plants (D:3)
2 creatures vanquished.

Grand Total: 138 creatures vanquished

Notes
Turn   | Place    | Note
-------+----------+-------------------------------------------
     0 | D:1      | bande the Gargoyle Fighter began the quest for the Orb.
     0 | D:1      | Reached XP level 1. HP: 14/14 MP: 1/1
     1 | D:1      | Noticed an electric eel
   258 | D:1      | Reached XP level 2. HP: 19/19 MP: 2/2
   828 | D:1      | Reached XP level 3. HP: 15/23 MP: 3/3
  1983 | D:3      | Reached XP level 4. HP: 27/29 MP: 4/4
  2110 | D:3      | Reached XP level 5. HP: 33/33 MP: 5/5
  2937 | D:3      | Found a white marble altar of Elyvilon.
  2939 | D:3      | Found an iron altar of Okawaru.
  2939 | D:3      | Found a broken altar of Ashenzari.
  2941 | D:3      | Found a radiant altar of Vehumet.
  2941 | D:3      | Found a shimmering altar of Xom.
  2941 | D:3      | Found a sacrificial altar of Ru.
  3015 | D:4      | Found a bloodstained altar of Trog.
  3064 | D:4      | Found a sand-covered staircase.
  3084 | Ossuary  | Entered an ossuary
  3424 | Ossuary  | Reached XP level 6. HP: 34/38 MP: 6/6
  3594 | D:4      | You fall into a shaft and drop 3 floors!
  3666 | D:7      | Slain by a gnoll

Illustrated notes

Levels and vault maps discovered:
D:1:      arrival_aquarium_a, layout_basic
D:2:      layout_rooms
D:3:      layout_loops_corners, doesnt_xom_only_xom, serial_undead,
          serial_undead_e, serial_undead_a, serial_undead_b, serial_undead_e,
          serial_undead_a, serial_undead_a
D:4:      layout_cave_pools, general_overflow_altar,
          mainiacjoe_overflow_brackets, kennysheep_slug_shrine,
          nicolae_ossuary_entry_false_entrances, minmay_parallelograms
D:7:      layout_rooms, lemuel_doored_altar, marbit_many_paths,
          sigmund_edmund_badplayer

Skill      XL: |  1  2  3  4  5  6 |
---------------+-------------------+-----
Axes           | 2 3 4 |  4.8
Fighting       | 4 |  4.3
Armour         | 4 |  4.0
Shields        | 4 |  4.1

Action                   |  1- 3 |  4- 6 || total
-------------------------+-------+-------++-------
Melee: War axe           |   110 |   242 ||   352
  Use: Scroll            |     5 |     2 ||     7
       Potion            |     1 |     3 ||     4
Armor: Scale mail        |    62 |   105 ||   167
Dodge: Dodged            |    41 |   106 ||   147
Block: Buckler           |    21 |   115 ||   136
       Reflection        |       |     1 ||     1

Table legend: (Time is in decaauts)
 A = Elapsed time spent in this place.
 B = Non-inter-level travel time spent in this place.
 C = Inter-level travel time spent in this place.
 D = Time resting spent in this place.
 E = Time spent auto-exploring this place.
 F = Levels seen in this place.
 G = Mean time per level.
                   A        B        C        D        E       F      G
               +--------+--------+--------+--------+--------+-----+--------+
         Total |   3783 |   3783 |      0 |    428 |   2433 |   6 |  630.5 |
       Dungeon |   3283 |   3283 |      0 |    428 |   2197 |   5 |  656.6 |
       Ossuary |    499 |    499 |      0 |      0 |    236 |   1 |  499.0 |
               +--------+--------+--------+--------+--------+-----+--------+

Top non-repeatable levels by time:
     D:1: 1181 daAuts
     D:3: 1101 daAuts
     D:2: 782 daAuts
 Ossuary: 499 daAuts
     D:4: 143 daAuts
     D:7: 75 daAuts
